 Dungeon Crawl Stone Soup version 0.23-a0-139-ga22e90c45f (webtiles) character file.

32549 PikkenKukken the Fencer (level 13, -3/116 HPs)
             Began as a Minotaur Berserker on Aug 30, 2018.
             Was a High Priest of Trog.
             Slain by a wolf (4 damage)
             ... on level 5 of the Lair of Beasts.
             The game lasted 00:32:09 (15312 turns).

PikkenKukken the Fencer (Minotaur Berserker)       Turns: 15312, Time: 00:32:10

Health: -3/116     AC:  9    Str: 26    XL:     13   Next: 32%
Magic:  0/16       EV: 13    Int:  4    God:    Trog [*****.]
Gold:   803        SH:  0    Dex: 14    Spells: 12/12 levels left

rFire    . . .     SeeInvis .   a - +0 great sword (freeze)
rCold    . . .     Gourm    .   (shield currently unavailable)
rNeg     . . .     Faith    .   l - +1 plate armour
rPois    +         Spirit   +   M - +2 hat
rElec    .         Reflect  .   C - +2 cloak
rCorr    .         Harm     .   (no gloves)
MR       .....                  O - +2 pair of boots
Stlth    ..........             J - amulet of guardian spirit
HPRegen  0.29/turn              Q - +3 ring of dexterity
MPRegen  0.15/turn              B - ring of flight

@: corroded, berserk cooldown, slowed, very slow
A: retaliatory headbutt, horns 2, poison resistance
a: Berserk, Trog's Hand, Brothers in Arms, Renounce Religion, Evoke Flight


You were on level 5 of the Lair of Beasts.
You worshipped Trog.
Trog was extremely pleased with you.
You were near starving.

You visited 3 branches of the dungeon, and saw 16 of its levels.

You collected 1003 gold pieces.
You spent 200 gold pieces at shops.

Inventory:

Hand Weapons
 a - a +0 great sword of freezing (weapon)
 b - a +2 hand crossbow of freezing
 t - a +1 falchion
 L - the +6 short sword "Utruwim" {drain, *Noise rF+ MP+9 Stlth+}
   (You found it on level 2 of the Lair of Beasts)

   A truly terrible weapon, it drains the life of those it strikes.
   It protects you from fire.
   It affects your magic capacity (+9).
   It may make noises in combat.
   It makes you more stealthy.
Missiles
 g - 208 bolts
Armour
 l - a +1 plate armour (worn)
 C - a +2 cloak (worn)
 M - a +2 hat (worn)
 O - a +2 pair of boots (worn)
Jewellery
 B - a ring of flight (right hand)
 D - an uncursed ring of ice
 H - an uncursed ring of fire
 J - an amulet of guardian spirit (around neck)
 K - a -2 ring of evasion
 Q - a +3 ring of dexterity (left hand)
Wands
 w - a wand of acid (20)
 y - a wand of paralysis (7)
 A - a wand of random effects (22)
 G - a wand of enslavement (7)
 P - a wand of polymorph (17)
 R - a wand of flame (29)
Scrolls
 i - 7 scrolls of remove curse
 j - 3 scrolls of noise
 o - 2 scrolls of enchant weapon
 p - 4 scrolls of fog
 u - 6 scrolls of identify
 v - 3 scrolls of teleportation
 x - 3 scrolls of blinking
 E - 2 scrolls of enchant armour
 I - a scroll of brand weapon
Potions
 d - 2 potions of flight
 e - 2 potions of mutation
 f - 3 potions of heal wounds
 h - 9 potions of curing
 k - a potion of invisibility
 m - a potion of magic
 n - 2 potions of resistance
 q - 2 potions of might
 r - 3 potions of haste
 s - a potion of agility
 z - a potion of cancellation
 N - a potion of brilliance
Comestibles
 c - 34 rations
 F - 3 chunks of flesh


   Skills:
 + Level 11.6 Fighting
 * Level 15.3 Long Blades
 - Level 8.8 Crossbows
 + Level 11.2 Armour
 + Level 10.4 Dodging
 + Level 5.6 Evocations


You had 12 spell levels left.
You didn't know any spells.
Your spell library was empty.

Dungeon Overview and Level Annotations

Branches:
Dungeon (10/15)            Temple (1/1) D:4            Lair (5/6) D:10
 Shoals (0/4) Lair:3       Spider (0/4) Lair:4        Slime (0/5) Lair:5
    Orc: D:9-12

Altars:
Cheibriados
Dithmenos
Okawaru
Qazlal
Sif Muna
Trog
Vehumet

Shops:
D:7 [   D:8 *

Annotations:
D:7 2 transporters, P0WERM0DE's ghost, novice DDFi
D:8 2 runed doors, P0WERM0DE's ghost, novice DDFi
Lair:3 exclusion: 3 oklob plants


Innate Abilities, Weirdness & Mutations

You reflexively headbutt those who attack you in melee.
You have a pair of horns on your head.
Your system is resistant to poisons. (rPois)


Message History

The wolf barely misses you.
You riposte.
You closely miss the wolf. The wolf bites you.
* * * LOW HITPOINT WARNING * * *
The wolf barely misses you.
You riposte.
You hit the wolf but do no damage. The wolf closely misses you. x2
The wolf bites you.
* * * LOW HITPOINT WARNING * * *
The wolf closely misses you.
You riposte.
You closely miss the wolf. Your headbutt misses the wolf.
The wolf barely misses you.
You riposte.
You closely miss the wolf. You headbutt the wolf!
The wolf is heavily wounded.
The wolf bites you.
* * * LOW HITPOINT WARNING * * *
The wolf bites you.
* * * LOW HITPOINT WARNING * * *
The wolf bites you.
* * * LOW HITPOINT WARNING * * *
The wolf bites the fungus!
The wolf bites you but does no damage. x2
The wolf bites you.
You die...

.............(..........
#..###....P#.##..P.
#..####.....## ###. . ##
#...##.#...##
.P#.##....##..รท## #
........####....## #.
........####...#.#####..
.....#hhP.......#.##P..P
..#..#.@h...............
#...#...................
.#..#....P..............
.........#....##......#
......###...###......#
#...P... .............#
#.... #.#.#....
.............. #..[
.#.###... ..............
.... # ..###....#.#


You could see 3 wolves.

Vanquished Creatures
  Gastronok (Lair:3)
  Fannar (Lair:1)
  2 hydras
  A two-headed ogre (D:10)
  3 death yaks (Lair:3)
  A queen ant (Lair:5)
  Urug (Lair:3)
  Nergalle (Lair:1)
  An orb spider (Lair:4)
  A wolf spider zombie (D:9)
  An ugly thing (D:7)
  6 elephants
  6 black mambas
  6 spiny frogs
  A gargoyle (D:10)
  2 rime drakes
  3 komodo dragons
  2 hornets
  6 blink frogs
  Grinder (D:5)
  2 dream sheep (Lair:4)
  A snapping turtle (Lair:3)
  9 hippogriffs
  Sigmund (D:2)
  A spriggan (Lair:1)
  A wyvern (D:10)
  Eustachio (D:5)
  Grum (Lair:1)
  13 yaks
  Menkaure (D:5)
  9 soldier ants
  7 porcupines
  8 water moccasins
  5 orc warriors
  A sky beast (D:5)
  2 ice beasts
  A necrophage (D:10)
  6 ogres
  4 phantoms
  2 eyes of draining
  10 wolves
  3 centaurs
  10 crocodiles
  2 big kobolds
  Blork the orc (D:4)
  3 bullfrogs
  A water moccasin zombie (D:7)
  4 scorpions
  4 killer bees (D:10)
  3 wights (D:10)
  4 howler monkeys
  2 crimson imps
  4 hounds
  A bullfrog zombie (D:6)
  4 bullfrog skeletons
  11 jellies
  4 orc priests
  10 orc wizards
  A centaur skeleton (D:9)
  Natasha (D:2)
  4 iguanas
  14 worker ants
  A hound skeleton (D:10)
  Robin (D:2)
  3 worker ant zombies
  10 gnolls
  7 river rats (D:5)
  9 adders
  3 shadow imps
  2 oozes (Lair:5)
  An adder zombie (D:6)
  3 adder skeletons
  5 worms
  A dart slug (D:1)
  6 leopard geckos
  40 orcs
  2 ball pythons
  4 bats
  4 giant cockroaches
  14 goblins
  18 hobgoblins
  8 jackals
  10 kobolds
  12 quokkas
  5 frilled lizards
  A quokka zombie (D:6)
  18 rats
412 creatures vanquished.

Vanquished Creatures (collateral kills)
  A rime drake (Lair:4)
  4 dream sheep (Lair:4)
  A water moccasin (Lair:4)
6 creatures vanquished.

Vanquished Creatures (others)
  A fungus (Lair:5)
  A plant (Lair:3)
2 creatures vanquished.

Grand Total: 420 creatures vanquished

Notes
Turn   | Place    | Note
-------+----------+-------------------------------------------
     0 | D:1      | PikkenKukken the Minotaur Berserker began the quest for the
                  | Orb.
     0 | D:1      | Reached XP level 1. HP: 19/19 MP: 0/0
   240 | D:1      | Reached XP level 2. HP: 27/27 MP: 1/1
   247 | D:1      | Reached skill level 4 in Long Blades
   722 | D:2      | Reached XP level 3. HP: 28/33 MP: 2/2
   883 | D:2      | Reached ** piety under Trog
   929 | D:2      | Noticed Natasha
   936 | D:2      | Killed Natasha
   936 | D:2      | Reached XP level 4. HP: 33/40 MP: 3/3
  1148 | D:2      | Noticed Sigmund
  1155 | D:2      | Killed Sigmund
  1155 | D:2      | Reached skill level 5 in Long Blades
  1155 | D:2      | Reached XP level 5. HP: 47/47 MP: 4/4
  1304 | D:2      | Noticed Robin
  1326 | D:2      | Killed Robin
  1326 | D:2      | Reached XP level 6. HP: 48/55 MP: 5/5
  1770 | D:2      | Reached skill level 5 in Fighting
  1786 | D:2      | Reached *** piety under Trog
  1897 | D:3      | Reached skill level 6 in Long Blades
  2040 | D:3      | Found a deep blue altar of Sif Muna.
  2676 | D:4      | Found a staircase to the Ecumenical Temple.
  2689 | Temple   | Entered the Ecumenical Temple
  2709 | D:4      | Noticed Blork the orc
  2720 | D:4      | Killed Blork the orc
  2832 | D:4      | Reached XP level 7. HP: 37/61 MP: 6/6
  3407 | D:4      | Reached skill level 7 in Long Blades
  3793 | D:4      | Reached skill level 5 in Armour
  3829 | D:5      | Entered Level 5 of the Dungeon
  3985 | D:5      | Reached **** piety under Trog
  4055 | D:5      | Noticed Menkaure
  4072 | D:5      | Killed Menkaure
  4072 | D:5      | Reached skill level 1 in Evocations
  4072 | D:5      | Reached XP level 8. HP: 27/70 MP: 7/7
  4074 | D:5      | Reached skill level 5 in Dodging
  4345 | D:5      | Noticed Eustachio
  4359 | D:5      | Killed Eustachio
  4359 | D:5      | Reached skill level 8 in Long Blades
  4438 | D:5      | Noticed Grinder
  4444 | D:5      | Killed Grinder
  5190 | D:5      | Gained mutation: You are somewhat resistant to further
                  | mutation. [potion of mutation]
  5190 | D:5      | Lost mutation: You are somewhat resistant to further
                  | mutation. [potion of mutation]
  5190 | D:5      | Gained mutation: Your system is resistant to poisons.
                  | (rPois) [potion of mutation]
  5248 | D:6      | Reached skill level 9 in Long Blades
  5312 | D:6      | Found a stormy altar of Qazlal.
  5314 | D:6      | Noticed an air elemental
  5464 | D:6      | Reached ***** piety under Trog
  5516 | D:6      | Reached XP level 9. HP: 79/79 MP: 10/10
  6310 | D:7      | Received a gift from Trog
  6330 | D:7      | Noticed a purple ugly thing
  6338 | D:7      | Killed a purple ugly thing
  6338 | D:7      | Reached skill level 10 in Long Blades
  6455 | D:7      | Found a transporter.
  6485 | D:7      | Noticed P0WERM0DE's ghost (novice DDFi)
  6495 | D:7      | Found a transporter.
  6737 | D:7      | Found Boint's Antique Armour Shop.
  7053 | D:8      | Found Tuitrek's General Store.
  7066 | D:8      | Bought a scroll of brand weapon for 200 gold pieces
  7104 | D:8      | Reached XP level 10. HP: 58/88 MP: 10/12
  7115 | D:8      | Reached skill level 11 in Long Blades
  7615 | D:8      | Found a large runed door.
  7617 | D:8      | Found a large runed door.
  7617 | D:8      | Noticed P0WERM0DE's ghost (novice DDFi)
  8029 | D:9      | Found an iron altar of Okawaru.
  8160 | D:9      | Paralysed by a hornet for 1 turns
  8164 | D:9      | Paralysed by a hornet for 3 turns
  9019 | D:10     | Entered Level 10 of the Dungeon
  9038 | D:10     | Noticed a gargoyle
  9044 | D:10     | Killed a gargoyle
  9051 | D:10     | Reached skill level 5 in Evocations
  9094 | D:10     | Reached skill level 1 in Crossbows
  9480 | D:10     | Reached skill level 12 in Long Blades
  9493 | D:10     | Found a staircase to the Lair.
  9657 | D:10     | Noticed a two-headed ogre
  9669 | D:10     | Killed a two-headed ogre
  9669 | D:10     | Reached XP level 11. HP: 97/97 MP: 7/13
  9671 | D:10     | Received a gift from Trog
 10213 | Lair:1   | Entered Level 1 of the Lair of Beasts
 10314 | Lair:1   | Noticed Grum
 10318 | Lair:1   | Killed Grum
 10407 | Lair:1   | Noticed Nergalle
 10415 | Lair:1   | Killed Nergalle
 10916 | Lair:1   | Found a dark tunnel.
 11184 | Lair:1   | Noticed Fannar
 11199 | Lair:1   | Killed Fannar
 11199 | Lair:1   | Received a gift from Trog
 11199 | Lair:1   | Reached skill level 13 in Long Blades
 11199 | Lair:1   | Reached skill level 5 in Crossbows
 11536 | Lair:2   | Reached skill level 10 in Fighting
 11547 | Lair:2   | Received a gift from Trog
 11924 | Lair:2   | Reached XP level 12. HP: 72/106 MP: 14/14
 12211 | Lair:2   | Noticed a five-headed hydra
 12239 | Lair:2   | Killed a five-headed hydra
 12239 | Lair:2   | Reached skill level 10 in Armour
 12469 | Lair:2   | Got an encrusted short sword
 12470 | Lair:2   | Identified the +6 short sword "Utruwim" {drain, *Noise rF+
                  | MP+9 Stlth+} (You found it on level 2 of the Lair of
                  | Beasts)
 12705 | Lair:3   | Found a staircase to the Shoals.
 12742 | Lair:3   | Noticed Gastronok
 12757 | Lair:3   | Killed Gastronok
 12757 | Lair:3   | Reached skill level 14 in Long Blades
 13272 | Lair:3   | Noticed a death yak
 13273 | Lair:3   | Noticed a death yak
 13277 | Lair:3   | Noticed a death yak
 13283 | Lair:3   | Killed a death yak
 13285 | Lair:3   | Killed a death yak
 13288 | Lair:3   | Killed a death yak
 13415 | Lair:3   | Noticed Urug
 13429 | Lair:3   | Killed Urug
 13631 | Lair:3   | Reached skill level 10 in Dodging
 14305 | Lair:4   | Noticed a seven-headed hydra
 14312 | Lair:4   | Killed a seven-headed hydra
 14312 | Lair:4   | Reached XP level 13. HP: 116/116 MP: 15/15
 14400 | Lair:4   | Received a gift from Trog
 14687 | Lair:4   | Found a hole to the Spider Nest.
 14896 | Lair:4   | Reached skill level 15 in Long Blades
 15202 | Lair:5   | Found a staircase to the Slime Pits.
 15276 | Lair:5   | Noticed an entropy weaver
 15276 | Lair:5   | Noticed an entropy weaver
 15304 | Lair:5   | Received a gift from Trog
 15311 | Lair:5   | HP: 2/116 [wolf (4)]
 15312 | Lair:5   | Slain by a wolf

Vault maps used:
D:1:      mrwooster_arrival_statue
D:2:      cheibrodos_greedy_goblins, uniq_natasha, uniq_robin, uniq_sigmund
D:3:      led_sif_pool
D:4:      temple_statues, uniq_blork_the_orc
D:5:      lemuel_ratsnest, first_ration, uniq_menkaure, uniq_grinder,
          uniq_eustachio
D:6:      nicolae_qazlal_style_of_elements
D:7:      gammafunk_ghost_stat_death, serial_shops, shop
D:8:      ebering_ghost_disaster_area, serial_shops, shop
D:9:      kennysheep_little_box, hangedman_abyss_or_decor_stagger,
          hangedman_pestilent_swarm, minmay_orc_keep
D:10:     lair_entry_dummy
Temple:   regret_index_temple_sigil_plot
Lair:1:   nicolae_volcano_entry_two_sided, grunt_forest_large_clearing_hut,
          uniq_nergalle, uniq_fannar, uniq_grum
Lair:2:   grunt_megastairs_5
Lair:3:   minmay_shoals_entry_hut, serial_bayou_shore_a,
          minmay_lair_oklob_chamber, uniq_urug, uniq_gastronok
Lair:4:   nicolae_spider_entry_orb_guardian, infiniplex_staircase_pool_2
Lair:5:   minmay_slime_entry_jelly_boxes, minmay_another_anthill

Skill      XL: |  1  2  3  4  5  6  7  8  9 10 11 12 13 |
---------------+----------------------------------------+-----
Long Blades    | 4 5 6 7 9 10 12 13 14 15 | 15.3
Fighting       | 4 5 6 7 8 9 10 11 | 11.6
Armour         | 3 4 5 6 7 8 9 10 11 | 11.2
Dodging        | 3 4 5 7 8 9 10 | 10.4
Evocations     | 1 2 4 5 |  5.6
Crossbows      | 3 6 8 |  8.8

Action                   |  1- 3 |  4- 6 |  7- 9 | 10-12 | 13-15 || total
-------------------------+-------+-------+-------+-------+-------++-------
Melee: Falchion          |    61 |   112 |   248 |       |       ||   421
       Headbutt          |     7 |    25 |    75 |    79 |    30 ||   216
       Great sword       |       |       |    88 |   357 |    75 ||   520
 Fire: Hand crossbow     |       |       |       |   127 |    26 ||   153
Invok: Berserk           |     1 |     3 |    12 |    12 |     1 ||    29
       Trog's Hand       |       |       |       |     4 |       ||     4
       Brothers in Arms  |       |       |       |     1 |     3 ||     4
Evoke: Wand              |       |       |       |     1 |       ||     1
  Use: Scroll            |     3 |     6 |    12 |    10 |     1 ||    32
       Potion            |       |       |     1 |     1 |       ||     2
  Eat: Chunk             |       |    10 |    23 |    27 |     4 ||    64
       Ration            |       |       |       |     3 |       ||     3
Armor: Animal skin       |     5 |       |       |       |       ||     5
       Scale mail        |    10 |    41 |       |       |       ||    51
       Plate armour      |       |    15 |   170 |   228 |    62 ||   475
Dodge: Dodged            |    44 |    64 |   124 |   221 |    84 ||   537
       Rpst.: Falchion   |     5 |    20 |    23 |       |       ||    48
       Great sword       |       |       |    13 |    49 |    24 ||    86

Table legend:
 A = Non-vault XP
 B = Vault XP
 C = Vault XP percentage of total XP
 D = Non-vault monster count
 E = Vault monster count
 F = Vault count percentage of total count
                 A         B        C        D         E       F
            +---------+---------+-------+---------+---------+-------
      Total |   32560 |   13939 |  30.0 |     304 |     114 |  27.3
            +---------+---------+-------+---------+---------+-------
        D:1 |      37 |       0 |   0.0 |      20 |       0 |   0.0
        D:2 |      95 |     313 |  76.7 |      26 |      21 |  44.7
        D:3 |     110 |       0 |   0.0 |      13 |       0 |   0.0
        D:4 |     431 |      99 |  18.7 |      28 |       1 |   3.4
        D:5 |     238 |     954 |  80.0 |      11 |      33 |  75.0
        D:6 |    1309 |       0 |   0.0 |      31 |       0 |   0.0
        D:7 |    1323 |       0 |   0.0 |      16 |       0 |   0.0
        D:8 |    1770 |       0 |   0.0 |      18 |       0 |   0.0
        D:9 |     912 |     881 |  49.1 |      15 |      13 |  46.4
       D:10 |    4176 |       0 |   0.0 |      44 |       0 |   0.0
     Lair:1 |    2076 |    3052 |  59.5 |       9 |      10 |  52.6
     Lair:2 |    5868 |    1485 |  20.2 |      26 |       3 |  10.3
     Lair:3 |    7140 |    3969 |  35.7 |      21 |       6 |  22.2
     Lair:4 |    4606 |     605 |  11.6 |      18 |       1 |   5.3
     Lair:5 |    2469 |    2581 |  51.1 |       8 |      26 |  76.5
            +---------+---------+-------+---------+---------+-------
